 Dungeon Crawl Stone Soup version 0.28-a0-1629-gf728b707aa (webtiles) character file.

Game seed: 14205278063109010489

62206 fragbeetle the Spear-Bearer (level 15, -27/115 HPs)
             Began as a Merfolk Ice Elementalist on Jan 24, 2022.
             Was a High Priest of Sif Muna.
             Annihilated by a naga warrior (37 damage)
             ... on level 2 of the Abyss.
             The game lasted 01:25:27 (26965 turns).

fragbeetle the Spear-Bearer (MfIE)                 Turns: 26965, Time: 01:25:27

Health: -27/115    AC: 25    Str: 11    XL:     15   Next: 5%
Magic:  14/23      EV: 14    Int: 17    God:    Sif Muna [*****.]
Gold:   1172       SH:  6    Dex: 17    Spells: 0/25 levels left

rFire   . . .      SeeInvis .   a - +8 demon trident (flame)
rCold   . . .      Faith    .   q - +0 buckler
rNeg    . . .      Spirit   .   S - +2 troll leather armour
rPois   .          Reflect  .   F - +2 helmet
rElec   .          Harm     .   I - +2 cloak
rCorr   .          Rampage  .   P - +0 pair of gloves
Will    +....                   f - +2 pair of boots
Stlth   +++.......              T - amulet of the acrobat
HPRegen 1.09/turn               K - +4 ring of protection
MPRegen 0.18/turn               M - +4 ring of protection

@: about to teleport, freezing walls, constricted
A: (nimble swimmer 2), mertail
a: Renounce Religion, Channel Magic, Forget Spell, Divine Exegesis


You were on level 2 of the Abyss.
You worshipped Sif Muna.
Sif Muna was extremely pleased with you.
You visited 3 branches of the dungeon, and saw 18 of its levels.
You visited the Abyss 1 time.
You also visited: Sewer.

You collected 1172 gold pieces.

Inventory:

Hand Weapons
 a - a +8 demon trident of flaming (weapon)
 N - the +6 spear of Indomitability {venom, rF+ Will++ Str-5}
   (You found it on level 3 of the Lair of Beasts)

   It poisons the flesh of those it strikes.
   Str:       It affects your strength (-5).
   rF:        It protects you from fire.
   Will:      It greatly increases your willpower.
Missiles
 h - 36 poisoned darts
 u - 7 curare-tipped darts
 v - 3 datura-tipped darts
 A - 2 boomerangs of dispersal
 B - 3 throwing nets
 C - 17 boomerangs (quivered)
 O - 10 javelins
Armour
 f - a +2 pair of boots (worn)
 q - a +0 buckler (worn)
 F - a +2 helmet (worn)
 I - a +2 cloak (worn)
 P - a +0 pair of gloves (worn)
 S - a +2 troll leather armour (worn)
Jewellery
 b - a ring of flight
 n - a ring of protection from cold
 K - a +4 ring of protection (left hand)
 L - a ring of protection from fire
 M - a +4 ring of protection (right hand)
 T - an amulet of the acrobat (around neck)
 Z - a ring of poison resistance
Wands
 l - a wand of iceblast (10)
 m - a wand of flame (8)
 z - a wand of mindburst (9)
 E - a wand of polymorph (12)
 R - a wand of acid (3)
Scrolls
 c - 12 scrolls of teleportation
 e - 2 scrolls of silence {unknown}
 g - a scroll of torment {unknown}
 k - a scroll of blinking {unknown}
 p - 3 scrolls of brand weapon {unknown}
 t - 4 scrolls of fear
 w - 3 scrolls of magic mapping {unknown}
 y - 3 scrolls of fog {unknown}
 D - a scroll of acquirement {unknown}
 W - a scroll of summoning {unknown}
Potions
 d - 2 potions of might {unknown}
 i - 5 potions of curing
 j - 6 potions of haste
 o - a potion of brilliance {unknown}
 r - 5 potions of lignification
 s - 2 potions of heal wounds
 H - a potion of ambrosia {unknown}
 Q - 2 potions of mutation {unknown}
 X - a potion of flight {unknown}
Miscellaneous
 U - a lightning rod (4/4)


   Skills:
 + Level 9.6 Fighting
 - Level 14.2 Polearms
 - Level 4.0 Armour
 + Level 11.0 Dodging
 * Level 5.1 Stealth
 - Level 5.0 Shields
 + Level 5.7 Spellcasting
 + Level 7.2 Conjurations
 - Level 7.0 Hexes
 + Level 0.5 Transmutations
 * Level 14.1 Ice Magic
 + Level 9.4 Poison Magic


You couldn't memorise any spells.
You knew the following spells:

 Your Spells              Type           Power      Damage    Failure   Level
a - Freeze                Ice            100%       1d11      1%          1
b - Frozen Ramparts       Ice            100%       1d12      1%          3
c - Ozocubu's Armour      Ice            52%        N/A       1%          3
d - Cause Fear            Hex            14%        N/A       12%         4
e - Mephitic Cloud        Conj/Pois/Air  23%        N/A       7%          3
f - Metabolic Englaciati  Hex/Ice        20%        N/A       9%          5
g - Eringya's Noxious Bo  Tmut/Pois      10%        N/A       99%         6

Your spell library contained the following spells:

 Spells                   Type           Power      Damage    Failure   Level
 Magic Dart               Conj           100%       1d8       1%          1
 Slow                     Hex            100%       N/A       1%          1
 Ensorcelled Hibernation  Hex/Ice        80%        N/A       1%          2
 Hailstorm                Conj/Ice       41%        3d10      2%          4
 Confusing Touch          Hex            28%        N/A       3%          3
 Dazzling Flash           Conj/Hex       58%        N/A       3%          3
 Spider Form              Tmut/Pois      21%        N/A       9%          3
 Ice Form                 Ice/Tmut       29%        N/A       11%         4
 Conjure Flame            Conj/Fire      17%        6-21      16%         3
 Inner Flame              Hex/Fire       16%        N/A       16%         3
 Stone Arrow              Conj/Erth      34%        3d9       16%         3
 Summon Guardian Golem    Hex/Summ       16%        N/A       16%         3
 Ignite Poison            Fire/Tmut/Pois 16%        N/A       17%         3
 Beastly Appendage        Tmut           12%        N/A       19%         1
 Animate Skeleton         Necr           8%         N/A       22%         1
 Pain                     Necr           16%        1d4       22%         1
 Sandblast                Erth           8%         2d5       22%         1
 Wereblood                Tmut           6%         N/A       26%         2
 Passwall                 Tmut/Erth      4%         N/A       30%         2
 Call Imp                 Summ           4%         N/A       32%         2
 Anguish                  Hex/Necr       8%         N/A       45%         4
 Leda's Liquefaction      Hex/Erth       8%         N/A       45%         4
 Sticky Flame             Conj/Fire      17%        2d4       45%         4
 Ozocubu's Refrigeration  Ice            26%        4d10      50%         7
 Gell's Gravitas          Tloc           4%         N/A       54%         3
 Lesser Beckoning         Tloc           4%         N/A       54%         3
 Teleport Other           Tloc           4%         N/A       54%         3
 Vampiric Draining        Necr           4%         2d6       54%         3
 Alistair's Intoxication  Tmut/Pois      14%        N/A       61%         5
 Silence                  Hex/Air        8%         N/A       82%         5
 Simulacrum               Ice/Necr       14%        N/A       88%         6
 Animate Armour           Summ/Erth      8%         N/A       91%         4
 Agony                    Necr           4%         N/A       99%         5
 Blade Hands              Tmut           3%         N/A       99%         5
 Borgnjor's Vile Clutch   Necr/Erth      2%         N/A       99%         5
 Excruciating Wounds      Necr           2%         N/A       99%         5
 Dispersal                Tloc           2%         N/A       100%        6
 Summon Cactus Giant      Summ           2%         N/A       100%        6
 Haunt                    Necr/Summ      2%         N/A       100%        7
 Discord                  Hex            14%        N/A       100%        8


Dungeon Overview and Level Annotations

Branches:
Dungeon (11/15)            Temple (1/1) D:6            Lair (6/6) D:9
  Swamp (0/4) Lair:4       Spider (0/4) Lair:2        Slime (0/5) Lair:5
  Sewer (visited)
    Orc: D:9-12

Altars:
Ashenzari
Cheibriados
Dithmenos
Elyvilon
Hepliaklqana
Kikubaaqudgha
Nemelex Xobeh
Okawaru
Qazlal
Ru
Sif Muna
Trog
Uskayaw
Vehumet
Wu Jian
Xom
Yredelemnul
Zin
The Shining One

Shops:
D:2 :   D:9 (

Annotations:
D:7 exclusion: manticore
D:9 exclusion: 4 doors
D:11 Erolcha, Fannar


Innate Abilities, Weirdness & Mutations

((You are very nimble when in or above water. (Stealth+, EV+, Speed+++)))
Your lower body shifts to a powerful aquatic tail in water.


Message History

The guardian serpent hits you but does no damage.
Your frozen ramparts will break if you move.
Continue?
Okay, then.
Casting: Frozen Ramparts (safe; 1% risk of failure)
Confirm with . or Enter, or press ? or * to list all spells.
The spell is extremely dangerous to miscast (99% risk of failure)!
Continue anyway?
Okay, then.
Casting: Eringya's Noxious Bog (extremely dangerous; 99% risk of failure)
Confirm with . or Enter, or press ? or * to list all spells.
Casting: Cause Fear (dangerous; 12% risk of failure)
Press: ? - help, Dir - look around, f - activate The lich is unaffected.
The shadow is unaffected.
The guardian serpent looks frightened!
The naga warrior easily resists. x2
The lich completely resists.
The wall freezes the lich but does no damage.
The lich splashes around in the water.
The wall freezes the naga warrior!
The naga warrior hits you with a +0 halberd.
The naga warrior constricts you.
The wall freezes the guardian serpent.
Your attack snaps the guardian serpent out of its fear.
The guardian serpent hits you but does no damage.
Your magical contamination has completely faded away.
You hit the guardian serpent. You burn the guardian serpent.
The guardian serpent is heavily wounded.
The lich completely resists.
The wall freezes the lich but does no damage.
You block the lich's attack.
The wall freezes the naga warrior!
The naga warrior hits you with a +0 halberd!
The naga warrior constricts you.
The wall freezes the guardian serpent!
The guardian serpent casts a spell at you.
You resist with some effort.
You feel much better.
The lich completely resists.
The wall freezes the lich but does no damage.
The lich gestures at you while chanting.
The bolt of cold hits you!!!
* * * LOW HITPOINT WARNING * * *
The wall freezes the guardian serpent.
The guardian serpent completely misses you.
The wall freezes the naga warrior!
The naga warrior hits you with a +0 halberd!!!
You die...

#. #.. ###.# .#..
#.#§.# ##W..
≈≈≈..#.###..#.#
≈≈#..#..#.# # .#
#≈≈≈≈≈..#.# .# ...
#..#≈≈≈≈.### #..# #
##.#)≈≈≈.§...#
#@L≈≈≈##.#.# . #..
#NS#≈≈≈≈##..#.. W
.......≈≈♣≈###... #
#..#..##..#≈≈≈##.. ..
....#.#######≈≈≈≈...#
#..#..#N. ## #.#♣≈
##. ..........
.......≈ ♣≈. ... ...
. N §......≈♣ . .§##
.##..L≈≈≈


You could see 2 naga warriors, a lich (fast), a guardian serpent and a shadow.

Vanquished Creatures
  A dire elephant (Lair:6)
  Josephine (D:10)
  10 hydras
  A catoblepas (Lair:6)
  A two-headed ogre (D:10)
  A deep troll shaman (Lair:6)
  Urug (D:11)
  4 death yaks (Lair:6)
  Nergalle (D:10)
  A large abomination (Abyss:2)
  An ugly thing (D:11)
  A cyclops (D:11)
  A manticore (D:9)
  18 elephants
  9 black mambas
  A torpor snail (Lair:6)
  18 cane toads
  A molten gargoyle (Lair:5)
  A kobold demonologist (D:11)
  10 komodo dragons
  3 rime drakes
  A meliai (Lair:2)
  A polar bear (Lair:2)
  A troll (D:9)
  22 blink frogs
  12 dream sheep
  5 tyrant leeches (Lair:4)
  A shadow (D:9)
  6 wyverns
  2 basilisks
  4 wraiths
  4 fire bats (Lair:5)
  66 yaks
  5 steam dragons
  A vampire mosquito (D:9)
  Menkaure (D:4)
  11 water moccasins
  An acid dragon (D:9)
  8 orc warriors
  An ice beast (D:7)
  4 necrophages
  A sky beast (D:6)
  2 ogres (D:6)
  A black bear (Lair:6)
  36 wolves
  5 centaurs
  A phantom (D:4)
  5 kobold brigands
  13 bullfrogs
  3 scorpions
  A water moccasin skeleton (D:4)
  12 killer bees
  11 wights
  4 howler monkeys
  4 centaur zombies
  A small abomination (Abyss:2)
  8 jellies
  A hound (D:6)
  3 bullfrog skeletons
  5 orc priests
  2 gnoll shamans
  3 iguanas
  5 orc wizards
  3 howler monkey zombies
  A howler monkey skeleton (D:4)
  15 gnolls
  8 adders
  2 river rats (Sewer)
  2 ufetubi (D:5)
  4 worms
  4 dart slugs
  33 orcs
  3 bats (D:1)
  9 endoplasms
  5 giant cockroaches
  5 goblins
  8 hobgoblins
  A quokka (D:3)
  9 ball pythons
  4 frilled lizards
  23 kobolds
  6 rats
515 creatures vanquished.

Vanquished Creatures (others)
  A naga (Abyss:2)
  31 fungi
  51 plants
83 creatures vanquished.

Grand Total: 598 creatures vanquished

Notes
Turn   | Place    | Note
-------+----------+-------------------------------------------
     0 | D:1      | fragbeetle the Merfolk Ice Elementalist began the quest for
                  | the Orb.
     0 | D:1      | Reached XP level 1. HP: 13/13 MP: 3/3
   486 | D:1      | Reached XP level 2. HP: 9/20 MP: 1/5
   978 | D:1      | Reached skill level 1 in Fighting
  1014 | D:1      | Reached XP level 3. HP: 26/26 MP: 6/6
  1018 | D:1      | Learned a level 3 spell: Frozen Ramparts
  1462 | D:2      | Reached skill level 5 in Ice Magic
  1487 | D:2      | Found Sibogum's Book Emporium.
  2480 | D:2      | Reached XP level 4. HP: 32/32 MP: 2/7
  2484 | D:2      | Learned a level 3 spell: Ozocubu's Armour
  2886 | D:3      | Reached skill level 1 in Polearms
  2895 | D:3      | Found a faded altar of an unknown god.
  3254 | D:4      | Noticed a phantom
  3330 | D:4      | Reached XP level 5. HP: 18/37 MP: 5/8
  3495 | D:4      | Noticed Menkaure
  3524 | D:5      | Entered Level 5 of the Dungeon
  3582 | D:5      | Reached skill level 1 in Shields
  3585 | D:5      | Noticed a yak
  3585 | D:5      | Noticed a yak
  3585 | D:5      | Noticed a yak
  3667 | D:5      | Noticed a kobold brigand
  3668 | D:5      | Found a glowing drain.
  3680 | Sewer    | Entered a sewer
  3910 | Sewer    | Noticed a kobold brigand
  3930 | Sewer    | Killed a kobold brigand
  3931 | Sewer    | Reached XP level 6. HP: 36/44 MP: 2/9
  4454 | D:5      | Reached XP level 7. HP: 51/51 MP: 7/10
  4738 | D:5      | Noticed a steam dragon
  4881 | D:5      | Killed a steam dragon
  5210 | D:4      | Found a shimmering altar of Xom.
  5466 | D:4      | Reached skill level 5 in Polearms
  5466 | D:4      | Reached XP level 8. HP: 58/58 MP: 11/11
  5887 | D:4      | Reached skill level 5 in Dodging
  5913 | D:4      | Killed Menkaure
  6522 | D:5      | Killed a yak
  6530 | D:5      | Killed a yak
  6531 | D:5      | Reached skill level 5 in Stealth
  6534 | D:5      | Killed a yak
  6535 | D:5      | Reached XP level 9. HP: 53/65 MP: 1/12
  6733 | D:5      | Learned a level 4 spell: Cause Fear
  7656 | D:6      | Reached skill level 1 in Hexes
  7861 | D:6      | Reached skill level 5 in Shields
  8035 | D:6      | Found a staircase to the Ecumenical Temple.
  8045 | Temple   | Entered the Ecumenical Temple
  8261 | Temple   | Became a worshipper of Sif Muna the Loreminder
  9597 | D:7      | Reached skill level 5 in Fighting
  9597 | D:7      | Reached XP level 10. HP: 44/63 MP: 7/13
  9950 | D:7      | Reached * piety under Sif Muna
 10292 | D:7      | Noticed a manticore
 10430 | D:7      | Found a shadowy altar of Dithmenos.
 10431 | D:7      | Found a sacrificial altar of Ru.
 11689 | D:9      | Found a staircase to the Lair.
 11714 | D:9      | Reached skill level 10 in Polearms
 12029 | D:9      | Reached ** piety under Sif Muna
 12083 | D:9      | Found Qamousio's Weapon Shoppe.
 12126 | D:9      | Noticed a kobold demonologist
 12126 | D:9      | Noticed a kobold demonologist
 12126 | D:9      | Noticed a kobold demonologist
 12227 | D:9      | Noticed a five-headed hydra
 12233 | D:9      | Reached skill level 5 in Hexes
 12238 | D:9      | Killed a five-headed hydra
 12251 | D:9      | Reached XP level 11. HP: 55/81 MP: 7/15
 12264 | D:9      | Reached skill level 10 in Ice Magic
 12933 | D:9      | Noticed a centaur warrior
 13253 | D:9      | Noticed a manticore
 13279 | D:9      | Killed a manticore
 13362 | D:10     | Entered Level 10 of the Dungeon
 13385 | D:10     | Noticed Nergalle
 13407 | D:10     | Killed Nergalle
 13645 | D:10     | Learned a level 3 spell: Mephitic Cloud
 13734 | D:10     | Noticed Josephine
 13887 | D:10     | Killed Josephine
 13888 | D:10     | Reached skill level 1 in Poison Magic
 14110 | D:10     | Reached skill level 1 in Conjurations
 14222 | D:10     | Noticed a two-headed ogre
 14238 | D:10     | Killed a two-headed ogre
 14339 | D:10     | Reached *** piety under Sif Muna
 14876 | D:11     | Noticed Fannar
 14928 | D:11     | Noticed Urug
 15020 | D:11     | Noticed Erolcha
 15075 | D:11     | Reached XP level 12. HP: 89/89 MP: 9/18
 15140 | D:10     | Learned a level 5 spell: Metabolic Englaciation
 15162 | Lair:1   | Entered Level 1 of the Lair of Beasts
 16083 | Lair:1   | Noticed a four-headed hydra
 16098 | Lair:1   | Killed a four-headed hydra
 16815 | Lair:2   | Reached **** piety under Sif Muna
 16830 | Lair:2   | Reached skill level 5 in Poison Magic
 17259 | Lair:2   | Noticed an eight-headed hydra
 17273 | Lair:2   | Killed an eight-headed hydra
 17520 | Lair:2   | Reached XP level 13. HP: 98/98 MP: 7/19
 17739 | Lair:2   | Found a hole to the Spider Nest.
 17769 | Lair:2   | Reached skill level 10 in Dodging
 18388 | Lair:3   | Reached skill level 5 in Conjurations
 19460 | Lair:3   | Identified the +6 spear of Indomitability {venom, rF+
                  | Will++ Str-5}
 19805 | Lair:3   | Reached skill level 1 in Armour
 20024 | Lair:3   | Reached ***** piety under Sif Muna
 20869 | Lair:4   | Received a gift from Sif Muna
 20879 | Lair:4   | Got Sif Muna's Guide on Shape Shifting and Curses {god
                  | gift}
 21352 | Lair:4   | Found a staircase to the Swamp.
 22063 | Lair:5   | Got the Disquisition on Evil Summoning
 22073 | Lair:5   | Found a staircase to the Slime Pits.
 22281 | Lair:5   | Reached XP level 14. HP: 106/106 MP: 13/20
 23775 | D:11     | Killed Urug
 23968 | Lair:6   | Entered Level 6 of the Lair of Beasts
 24407 | Lair:6   | Received a gift from Sif Muna
 24410 | Lair:6   | Got Sif Muna's Catalogue of the Glacier {god gift}
 24902 | Lair:6   | Reached skill level 5 in Spellcasting
 25806 | Lair:6   | Noticed a dire elephant
 26166 | Lair:6   | Reached XP level 15. HP: 87/114 MP: 17/23
 26319 | Lair:6   | Learned a level 6 spell: Eringya's Noxious Bog
 26782 | D:11     | Cast into level 2 of the Abyss (Erolcha)
 26892 | Abyss:2  | Noticed a hellephant
 26936 | Abyss:2  | Noticed a lich
 26965 | Abyss:2  | Annihilated by a naga warrior

Illustrated notes

Levels and vault maps discovered:
D:1:      amcnicky_arrival_blooded_trapdoor, layout_rooms, minmay_pentomino_v2
D:2:      layout_basic, serial_shops, nicolae_square_shop
D:3:      layout_rooms, shapermc_ecumenical_altar_pompeii
D:4:      layout_basic, dk_xom_monty_hall, uniq_menkaure
D:5:      layout_basic, portal_sewer_entry_d, item_on_display_a
D:6:      layout_cave_pods, temple_hall
D:7:      layout_rooms, chequers_temple_overflow_statue_of_worship,
          gammafunk_ghost_grave
D:8:      layout_cave_pods
D:9:      layout_roguey, chequers_temple_overflow_minitemple,
          david_lair_shrubbed, serial_shops, shop, serial_corexii_hall,
          corexii_hall_statues_t, chequers_hall_statues_y, minmay_pinched_square
D:10:     layout_roguey, nicolae_concentric_dashed_squares_wild, uniq_nergalle,
          uniq_josephine
D:11:     minmay_slanted_spiral_squares, layout_loops_corners, uniq_erica,
          uniq_urug, uniq_erolcha, uniq_fannar
Temple:   eino_temple_rhombus
Lair:1:   layout_cave_shapes, beast_lair_carwin_6
Lair:2:   layout_chaotic_city, hellmonk_spider_entry_not_the_bees,
          chequers_serial_rivers_marsh, lemuel_fruit_fields
Lair:3:   layout_regular_city
Lair:4:   layout_cave_pods, minmay_swamp_entry_worms
Lair:5:   layout_gridlike, nicolae_slime_entry_slimehenge,
          grunt_forest_large_clearings
Lair:6:   grunt_lair_end_beastmaster, layout_cave_shapes
Abyss:2:  base: D:2, serial_sigils_hangedman_snap, minivault_5,
          hangedman_eye_storm

Skill      XL: |  1  2  3  4  5  6  7  8  9 10 11 12 13 14 |
---------------+-------------------------------------------+-----
Dodging        | 3 4 5 6 7 8 9 10 11 | 11.0
Fighting       | 1 2 3 5 6 7 8 9 |  9.6
Ice Magic      | 5 6 7 8 9 10 12 13 14 | 14.1
Stealth        | 3 4 5 |  5.1
Polearms       | 1 2 3 5 7 9 10 12 13 14 | 14.2
Shields        | 1 2 3 4 5 |  5.0
Hexes          | 3 5 7 |  7.0
Spellcasting   | 3 4 5 |  5.7
Poison Magic   | 2 5 8 9 |  9.4
Conjurations   | 2 4 6 7 |  7.2
Armour         | 2 4 |  4.0
Transmutations | |  0.5

Action                   |  1- 3 |  4- 6 |  7- 9 | 10-12 | 13-15 || total
-------------------------+-------+-------+-------+-------+-------++-------
Melee: Short sword       |    83 |       |       |       |       ||    83
       Spear             |    17 |   126 |   361 |   802 |   640 ||  1946
       Punch             |     1 |     1 |     3 |       |       ||     5
       Tailslap          |       |     9 |     1 |     1 |     8 ||    19
       Scimitar          |       |       |     5 |       |       ||     5
       Demon trident     |       |       |       |       |   274 ||   274
Throw: Dart              |       |       |    16 |    25 |    21 ||    62
       Boomerang         |       |       |       |     1 |    44 ||    45
 Cast: Freeze            |    32 |    18 |    16 |       |       ||    66
       Ozocubu's Armour  |       |     5 |    31 |    59 |    54 ||   149
       Frozen Ramparts   |       |     8 |    43 |    84 |    96 ||   231
       Mephitic Cloud    |       |       |       |       |     2 ||     2
       Metabolic Englaci |       |       |       |       |     4 ||     4
       Cause Fear        |       |       |       |       |     1 ||     1
Evoke: Wand              |       |       |     7 |     2 |     6 ||    15
  Use: Scroll            |       |     6 |       |     3 |    13 ||    22
       Potion            |       |       |       |       |     4 ||     4
 Stab: Sleeping          |     6 |     5 |     1 |     4 |     4 ||    20
       Distracted        |       |       |     1 |       |     1 ||     2
       Confused          |       |       |       |       |     3 ||     3
       Petrified         |       |       |       |       |     4 ||     4
Armor: Robe              |    33 |    54 |    13 |       |       ||   100
       Steam dragon scal |       |       |    86 |   156 |   168 ||   410
       Troll leather arm |       |       |       |       |     5 ||     5
Dodge: Dodged            |    76 |    89 |   208 |   273 |   430 ||  1076
Block: Buckler           |       |       |    50 |   110 |   150 ||   310

Table legend: (Time is in decaauts)
 A = Elapsed time spent in this place.
 B = Non-inter-level travel time spent in this place.
 C = Inter-level travel time spent in this place.
 D = Time resting spent in this place.
 E = Time spent auto-exploring this place.
 F = Levels seen in this place.
 G = Mean time per level.
                   A        B        C        D        E       F      G
               +--------+--------+--------+--------+--------+-----+--------+
         Total |  26093 |  25346 |    747 |    970 |  17775 |  20 | 1304.7 |
       Dungeon |  14330 |  13984 |    346 |    536 |  10215 |  11 | 1302.7 |
        Temple |    235 |    235 |      0 |      0 |    152 |   1 |  235.0 |
          Lair |  10873 |  10472 |    401 |    434 |   7088 |   6 | 1812.2 |
         Abyss |    139 |    139 |      0 |      0 |      0 |   1 |  139.0 |
         Sewer |    514 |    514 |      0 |      0 |    319 |   1 |  514.0 |
               +--------+--------+--------+--------+--------+-----+--------+

Top non-repeatable levels by time:
  Lair:6: 2444 daAuts
     D:5: 1998 daAuts
  Lair:3: 1863 daAuts
  Lair:2: 1795 daAuts
  Lair:1: 1701 daAuts
     D:9: 1690 daAuts
     D:4: 1584 daAuts
  Lair:4: 1547 daAuts
  Lair:5: 1522 daAuts
     D:7: 1484 daAuts
     D:2: 1358 daAuts
     D:6: 1315 daAuts
     D:1: 1311 daAuts
    D:10: 1282 daAuts
     D:8: 1075 daAuts
